 Dungeon Crawl Stone Soup version 0.30-a0-632-g346586fe48 (webtiles) character file.

Game seed: 14439393062982443065

9747 wormed the Spear-Bearer (level 11, -1/69 HPs)
             Began as a Gargoyle Fighter on Jan 13, 2023.
             Was a High Priest of Trog.
             Slain by a centaur warrior simulacrum (18 damage)
             ... on level 10 of the Dungeon.
             The game lasted 00:13:07 (8479 turns).

wormed the Spear-Bearer (Gargoyle Fighter)          Turns: 8479, Time: 00:13:07

Health: -1/69      AC: 21    Str: 27    XL:     11   Next: 51%
Magic:  11/11      EV: 11    Int:  8    God:    Trog [*****.]
Gold:   306        SH: 10    Dex: 13    Spells: 10/10 levels left

rFire   . . .      SeeInvis .    u - +4 spear (venom)
rCold   . . .      Faith    .    t - +0 kite shield
rNeg    + . .      Spirit   .    b - +0 scale mail
rPois   ∞          Reflect  .    w - +0 helmet
rElec   +          Harm     .    v - +2 cloak
rCorr   .          Rampage  .    (no gloves)
Will    .....                    (no boots) Stlth
                                 (no amulet)
HPRegen 0.31/turn                g - +6 ring of strength
MPRegen 0.12/turn                (no ring)

@: about to teleport
A: sickness immunity, AC +8, negative energy resistance 1, electricity
resistance, torment resistance 1, petrification resistance
a: Renounce Religion, Berserk, Trog's Hand, Brothers in Arms


You were on level 10 of the Dungeon.
You worshipped Trog.
Trog was extremely pleased with you.
You visited 1 branch of the dungeon, and saw 10 of its levels.
You also visited: Sewer.

You collected 478 gold pieces.
You spent 172 gold pieces at shops.

Inventory:

Hand Weapons
 a - a +0 trident of venom
 u - a +4 spear of venom (weapon)
Missiles
 h - a curare-tipped dart
 m - 19 poisoned darts (quivered)
 p - 3 javelins
Armour
 b - a +0 scale mail (worn)
 t - a +0 kite shield (worn)
 v - a +2 cloak (worn)
 w - a +0 helmet (worn)
Jewellery
 g - a +6 ring of strength (left hand)
Scrolls
 c - 2 scrolls of poison
 k - a scroll of enchant armour
 l - a scroll of identify
 n - 3 scrolls of magic mapping
 r - 3 scrolls of teleportation
Potions
 d - 2 potions of might
 e - 2 potions of flight
 f - 6 potions of curing
 i - 5 potions of lignification
 j - a potion of degeneration
 o - a potion of brilliance
 q - 3 potions of mutation
 s - a potion of berserk rage
 x - a potion of attraction {unknown}


   Skills:
 + Level 8.7 Fighting
 * Level 12.4 Polearms
 + Level 8.6 Armour
 + Level 5.9 Dodging
 + Level 8.6 Shields


You had 10 spell levels left.
You didn't know any spells.
Your spell library was empty.

Dungeon Overview and Level Annotations

Branches:
Dungeon (10/15)            Temple (0/1) D:5           Sewer (visited)
   Lair: D:8-11         Orc: D:9-12

Altars:
Dithmenos
Gozag
Kikubaaqudgha
Nemelex Xobeh
Okawaru
Qazlal
Ru
Trog
Uskayaw
Vehumet
Xom

Shops:
D:9 *

Annotations:
D:3 1 transporter, bande's ghost, amateur GrFi
D:5 2 transporters, sirJeffrey23's ghost, novice OgMo
D:6 1 runed translucent door


Innate Abilities, Weirdness & Mutations

You are immune to sickness and miasma.
Your stone body is resilient. (AC +8)
You are immune to poison.
You resist negative energy. (rN+)
You are resistant to electric shocks. (rElec)
You are resistant to unholy torment.
You are immune to petrification.


Message History

The centaur warrior simulacrum hits you.
The centaur warrior simulacrum freezes you!!
You block the centaur warrior simulacrum's attack.
The troll bites you but does no damage. The troll claws you but does no damage.
The troll claws you!
You are too injured to fight recklessly!
You are too injured to fight recklessly!
You are too injured to fight recklessly!
As you read the scroll of teleportation, it crumbles to dust.
You feel strangely unstable. The wolf bites you but does no damage.
You block the centaur warrior simulacrum's attack.
The centaur warrior simulacrum kicks you but does no damage.
The troll closely misses you. The troll claws you but does no damage.
The troll misses you. You block the wolf's attack.
You hit the centaur warrior simulacrum but do no damage.
The centaur warrior simulacrum barely misses you.
You block the centaur warrior simulacrum's attack.
You block the wolf's attack. The troll bites you but does no damage.
You block the troll's attack. x2
You hit the centaur warrior simulacrum.
The centaur warrior simulacrum is lightly damaged.
The centaur warrior simulacrum hits you!
The centaur warrior simulacrum freezes you!!
* * * LOW HITPOINT WARNING * * *
You block the centaur warrior simulacrum's attack.
The wolf closely misses you.
You feel better.
You kill the troll!
Trog accepts your kill. The wolf bites you but does no damage.
You block the unseen horror simulacrum's attack.
You block the centaur warrior simulacrum's attack.
The centaur warrior simulacrum kicks you but does no damage.
The wolf bites you but does no damage.
You feel better.
You block the unseen horror simulacrum's attack. x2
The centaur warrior simulacrum hits you.
* * * LOW HITPOINT WARNING * * *
The centaur warrior simulacrum freezes you!!
You die...

######################
.......................
.....#.§..##...#..###..#
....#..#...[...#........
.....§§§§.###..#.#####..
....##§##...#....#...#.#
.##..§§§....#....+...'..
.....§.§Z...#.##.#...#..
#####Z@#...#....#####..
....5.h##...#....#...#..
....### #...#....#...'..
... #...#.##.#####.# ..
#Z$.#.##.# #..
########### #...#....#
#.. ..~...>...#
#...#....# #..
~~~..#....# +....# #..
~≈.~......# #.#..# #..


You could see a wolf, a white imp, a centaur warrior simulacrum and an unseen
horror simulacrum.

Vanquished Creatures
  Erolcha (D:9)
  3 two-headed ogres
  Pikel (D:9)
  Psyche (D:9)
  A troll (D:10)
  Grinder (D:4)
  9 yaks
  Grum (D:10)
  3 steam dragons
  An acid dragon (D:9)
  2 water moccasins
  4 orc warriors
  An ice beast (D:7)
  2 sky beasts (D:7)
  3 wolves
  2 centaurs
  A lemure (D:9)
  2 kobold brigands (D:9)
  5 bullfrogs
  3 gnoll sergeants
  7 scorpions
  A necrophage (D:4)
  5 wights (D:10)
  12 killer bees
  2 howler monkeys (D:9)
  A hound (D:5)
  A jelly (D:3)
  5 orc priests
  3 iguanas
  7 orc wizards
  14 adders
  15 gnolls
  2 river rats (Sewer)
  2 shadow imps (D:6)
  2 white imps
  An ufetubus (D:5)
  3 worms
  6 dart slugs
  25 orcs
  12 ball pythons
  10 bats
  4 endoplasms
  7 giant cockroaches
  18 goblins
  5 hobgoblins
  5 jackals
  4 quokkas
  7 frilled lizards
  14 kobolds
  15 rats
  A butterfly (D:6)
263 creatures vanquished.

Vanquished Creatures (collateral kills)
  A yak (D:9)
  A gnoll sergeant (D:9)
  5 gnolls (D:9)
7 creatures vanquished.

Vanquished Creatures (others)
  An orc wizard (D:6)
  A white imp (D:7)
  2 demonic plants (D:2)
4 creatures vanquished.

Grand Total: 274 creatures vanquished

Notes
Turn   | Place    | Note
-------+----------+-------------------------------------------
     0 | D:1      | wormed the Gargoyle Fighter began the quest for the Orb.
     0 | D:1      | Reached XP level 1. HP: 14/14 MP: 1/1
    79 | D:1      | Reached skill level 2 in Polearms
    79 | D:1      | Reached XP level 2. HP: 14/19 MP: 2/2
   205 | D:1      | Reached XP level 3. HP: 18/23 MP: 3/3
   589 | D:2      | Reached skill level 1 in Dodging
   589 | D:2      | Reached XP level 4. HP: 29/29 MP: 4/4
   964 | D:2      | Found a faded altar of an unknown god.
   964 | D:2      | Noticed a soul eater
  1379 | D:3      | Found a bloodstained altar of Trog.
  1415 | D:3      | Became a worshipper of Trog the Wrathful
  1424 | D:3      | Reached skill level 3 in Polearms
  1450 | D:3      | Found a shadowy altar of Dithmenos.
  1479 | D:3      | Noticed an ogre
  1480 | D:3      | Noticed bande's ghost (amateur GrFi)
  1481 | D:3      | Noticed an ogre
  1500 | D:3      | Found a transporter.
  1503 | D:3      | Noticed an ogre
  1539 | D:3      | Found a glowing drain.
  1565 | Sewer    | Entered a sewer
  1580 | Sewer    | Reached XP level 5. HP: 33/33 MP: 5/5
  1768 | Sewer    | Reached * piety under Trog
  1923 | Sewer    | Identified a scroll of acquirement
  1923 | Sewer    | Acquired a manual of Polearms
  2065 | D:3      | Found a sacrificial altar of Ru.
  2076 | D:3      | Found an iron altar of Okawaru.
  2164 | D:3      | Reached skill level 4 in Polearms
  2164 | D:3      | Reached XP level 6. HP: 38/38 MP: 6/6
  2377 | D:4      | Reached ** piety under Trog
  2403 | D:4      | Noticed Grinder
  2408 | D:4      | Paralysed by Grinder for 4 turns
  2414 | D:4      | Paralysed by Grinder for 3 turns
  2427 | D:4      | Killed Grinder
  2428 | D:4      | Reached skill level 5 in Polearms
  2428 | D:4      | Reached XP level 7. HP: 41/44 MP: 7/7
  2807 | D:5      | Entered Level 5 of the Dungeon
  2866 | D:5      | Found a transporter.
  2868 | D:5      | Noticed sirJeffrey23's ghost (novice OgMo)
  2906 | D:5      | Found a radiant altar of Vehumet.
  3165 | D:5      | Reached skill level 5 in Fighting
  3165 | D:5      | Reached skill level 6 in Polearms
  3287 | D:5      | Found a staircase to the Ecumenical Temple.
  3294 | D:5      | Reached skill level 5 in Armour
  3340 | D:5      | Found a transporter.
  3439 | D:5      | Reached skill level 5 in Shields
  3439 | D:5      | Reached XP level 8. HP: 49/49 MP: 8/8
  4206 | D:6      | Reached skill level 7 in Polearms
  4360 | D:6      | Reached *** piety under Trog
  4422 | D:6      | Found a runed translucent door.
  4430 | D:6      | Found a runed translucent door.
  4541 | D:6      | Found a sparkling altar of Nemelex Xobeh.
  4932 | D:7      | Reached skill level 8 in Polearms
  4939 | D:7      | Reached XP level 9. HP: 47/55 MP: 9/9
  4944 | D:7      | HP: 2/55 [ice beast (10)]
  5215 | D:7      | Reached skill level 9 in Polearms
  5363 | D:7      | Reached **** piety under Trog
  5685 | D:7      | Reached skill level 10 in Polearms
  5747 | D:7      | Reached XP level 10. HP: 45/63 MP: 10/10
  5813 | D:7      | Identified the +0 leather armour of Polish {Dex+6}
  6099 | D:8      | Noticed a two-headed ogre
  6112 | D:8      | Killed a two-headed ogre
  6333 | D:8      | Found a hide-covered altar of Uskayaw.
  6333 | D:8      | Noticed a +0 dagger
  6334 | D:8      | Noticed a +0 hand axe
  6565 | D:8      | Reached skill level 11 in Polearms
  6937 | D:9      | Noticed Pikel
  6949 | D:9      | Killed Pikel
  6961 | D:9      | Reached skill level 5 in Dodging
  6969 | D:9      | Noticed Psyche
  6991 | D:9      | Noticed a two-headed ogre
  6993 | D:9      | Noticed Erolcha
  7004 | D:8      | Killed a two-headed ogre
  7253 | D:9      | Found Zowov's Assorted Antiques.
  7325 | D:9      | Reached XP level 11. HP: 25/68 MP: 11/11
  7356 | D:9      | Killed Psyche
  7416 | D:9      | Found a shimmering altar of Xom.
  7431 | D:9      | Noticed a two-headed ogre
  7443 | D:9      | Killed a two-headed ogre
  7444 | D:9      | Reached skill level 12 in Polearms
  7467 | D:9      | Found an ancient bone altar of Kikubaaqudgha.
  7513 | D:9      | Bought an embroidered cloak for 172 gold pieces
  7549 | D:9      | Killed Erolcha
  7660 | D:9      | Found a stormy altar of Qazlal.
  7740 | D:9      | Found an opulent altar of Gozag.
  7776 | D:9      | Reached ***** piety under Trog
  8072 | D:10     | Entered Level 10 of the Dungeon
  8103 | D:10     | Noticed Grum
  8118 | D:10     | Killed Grum
  8477 | D:10     | HP: 3/69 [centaur warrior simulacrum (23)]
  8479 | D:10     | Slain by a centaur warrior simulacrum

Illustrated notes

Levels and vault maps discovered:
D:1:      saegor_arrival_simple_e, layout_rooms
D:2:      layout_loops_ring, dreamdust_ecumenical_altar_sealed_demon
D:3:      layout_rooms, nicolae_overflow_quartered_altars,
          gammafunk_ghost_smash, portal_sewer_entry_b
D:4:      layout_basic, grunt_decor_clamped, uniq_grinder
D:5:      layout_layer_cave, mainiacjoe_overflow_small_starburst,
          minmay_temple_entry_arrows, gammafunk_ghost_arena
D:6:      lemuel_insect_pit, layout_basic, mainiacjoe_overflow_brackets,
          small_statue_intersection
D:7:      layout_cave_pools, minmay_diced_spiral
D:8:      layout_rooms, dancing_weapons_uskayaw, grunt_ministairs_10
D:9:      layout_rooms, kennysheep_mini, overflow_temple_1_default,
          lemuel_round_altar, mainiacjoe_overflow_boulevard, serial_shops,
          nicolae_shop_waterfront, enter_bailey_5, uniq_psyche, uniq_pikel,
          uniq_erolcha
D:10:     layout_stronghold, mainiacjoe_overflow_paths, hellmonk_lair_entry_icy,
          david_orc_1_choice, serial_ice, serial_ice_n, serial_ice_j,
          serial_ice_c, serial_ice_g, uniq_grum, uniq_maurice

Skill      XL: |  1  2  3  4  5  6  7  8  9 10 11 |
---------------+----------------------------------+-----
Polearms       | 2 3 4 5 6 8 10 11 12 | 12.4
Dodging        | 1 2 3 4 5 |  5.9
Fighting       | 4 5 7 8 |  8.7
Armour         | 4 5 6 8 |  8.6
Shields        | 4 5 6 8 |  8.6

Action                   |  1- 3 |  4- 6 |  7- 9 | 10-12 || total
-------------------------+-------+-------+-------+-------++-------
Melee: Trident           |   110 |   266 |   328 |   104 ||   808
       Spear             |       |       |       |   247 ||   247
       Unarmed           |       |       |       |     8 ||     8
Throw: Dart              |       |     2 |       |     2 ||     4
       Throwing net      |       |       |       |     1 ||     1
Invok: Trog's Hand       |       |       |       |     3 ||     3
       Brothers in Arms  |       |       |       |     1 ||     1
  Use: Scroll            |     2 |    11 |     5 |     2 ||    20
       Potion            |       |       |     5 |     3 ||     8
 Stab: Held in net/web   |       |       |       |     1 ||     1
Armor: Scale mail        |    74 |   162 |   239 |    94 ||   569
Dodge: Dodged            |    70 |   154 |   157 |   110 ||   491
Block: Buckler           |    40 |    61 |    19 |       ||   120
       Kite shield       |       |       |   136 |   149 ||   285

Table legend: (Time is in decaauts)
 A = Elapsed time spent in this place.
 B = Non-inter-level travel time spent in this place.
 C = Inter-level travel time spent in this place.
 D = Time resting spent in this place.
 E = Time spent auto-exploring this place.
 F = Levels seen in this place.
 G = Mean time per level.
                   A        B        C        D        E       F      G
               +--------+--------+--------+--------+--------+-----+--------+
         Total |   8512 |   8096 |    416 |     39 |   6133 |  11 |  773.8 |
       Dungeon |   8028 |   7612 |    416 |     39 |   5851 |  10 |  802.8 |
         Sewer |    484 |    484 |      0 |      0 |    281 |   1 |  484.0 |
               +--------+--------+--------+--------+--------+-----+--------+

Top non-repeatable levels by time:
     D:5: 1202 daAuts
     D:8: 1083 daAuts
     D:6: 1065 daAuts
     D:7: 1026 daAuts
     D:9: 865 daAuts
     D:2: 746 daAuts
     D:3: 642 daAuts
     D:4: 537 daAuts
     D:1: 535 daAuts
   Sewer: 484 daAuts
    D:10: 324 daAuts
